Map: [ESL] Tropical Sacrifice

Players

Classic

  • Race: Protoss Protoss
  • Spawn Location: 1:00

DPGherO (herO) - Winner!

  • Race: Protoss Protoss
  • Spawn Location: 7:00

Event: TSL 9

VOD

Have the link to the VOD?

Description

Time

  • Played on: Aug. 5, 2022, 8:50 a.m.
  • Length: 5:30

All games in this series

Show
View Real Time Build Order
Export as new Build Order

Classic Protoss 

Build Orders:  

Get SALT Encoding   

  12  0:00  Probe  
  13  0:12  Probe  
  14  0:18  Pylon  
  14  0:24  Probe  
  15  0:36  Probe  
  16  0:48  Probe  
  17  1:01  Probe (Chrono Boost)  
  18  1:06  Gateway  
  18  1:11  Assimilator  
  18  1:13  Probe (Chrono Boost), Assimilator  
  19  1:21  Probe (Chrono Boost)  
  19  1:22  Pylon  
  20  1:28  Probe  
  21  1:38  Gateway  
  21  1:40  Probe  
  22  1:52  Probe  
  22  1:53  Zealot, Cybernetics Core  
  25  2:25  Pylon  
  25  2:29  Stalker x2 (Chrono Boost)  
  25  2:31  Probe  
  25  2:34  Warp Gate  
  27  2:43  Probe  
  28  2:46  Robotics Facility  
  28  2:53  Stalker  
  29  3:10  Stalker  
  31  3:13  Probe  
  30  3:34  Warp Prism (Chrono Boost)  
  30  3:40  Probe  
  33  3:47  Gateway  
  33  3:53  Probe  
  30  4:06  Probe  
  31  4:23  Stalker  
  31  4:24  Stalker  
  35  4:26  Probe  
  36  4:34  Pylon  
  36  4:45  Sentry  
Show
View Real Time Build Order
Export as new Build Order

DPGherO Protoss - Winner!

Build Orders: Oracle Opening 

Get SALT Encoding   

  12  0:00  Probe  
  13  0:12  Probe  
  14  0:20  Pylon  
  14  0:24  Probe  
  15  0:38  Probe (Chrono Boost)  
  15  0:40  Gateway  
  16  0:47  Probe (Chrono Boost)  
  17  0:52  Probe  
  17  0:55  Assimilator  
  18  1:03  Pylon  
  18  1:04  Probe  
  18  1:08  Assimilator  
  19  1:16  Probe  
  20  1:22  Pylon  
  20  1:25  Zealot (Chrono Boost)  
  22  1:35  Cybernetics Core  
  22  1:37  Probe  
  23  1:44  Zealot  
  25  1:49  Probe  
  26  2:01  Probe  
  27  2:12  Adept  
  27  2:14  Stargate  
  29  2:19  Warp Gate (Chrono Boost)  
  29  2:29  Pylon  
  29  2:42  Adept  
  29  2:46  Shield Battery  
  29  2:50  Gateway  
  29  2:54  Oracle (Chrono Boost)  
  31  3:07  Gateway  
  30  3:17  Pylon  
  30  3:24  Oracle, Probe  
  32  3:37  Probe  
  33  3:45  Gateway  
  31  4:04  Stalker x3  
  37  4:26  Pylon  
  37  4:27  Stalker x2  
  37  4:30  Stalker  
  43  4:45  Sentry  
  45  4:51  Stalker  
  47  4:52  Zealot  
  47  4:59  Stalker  
Tags
 
Add a new tag
Caveats
  • Supply blocks, unpowered buildings, or Contaminate may cause inaccurate times.
  • Supply counts are checked every 10 seconds.